 Dungeon Crawl Stone Soup version 0.28-a0-1594-ga885d4b (webtiles) character file.

Game seed: 2965430968843914661

65 PidgeyThePirate the Covered (level 3, -2/31 HPs)
             Began as a Demigod Fighter on Jan 20, 2022.
             Slain by Natasha (7 damage)
             ... on level 2 of the Dungeon.
             The game lasted 00:02:19 (1826 turns).

PidgeyThePirate the Covered (Demigod Fighter)       Turns: 1826, Time: 00:02:19

Health: -2/31      AC:  6    Str: 21    XL:     3   Next: 66%
Magic:  5/5        EV:  9    Int: 10    God:
Gold:   52         SH:  4    Dex: 13    Spells: 2/2 levels left

rFire   . . .      SeeInvis .   a - +0 trident
rCold   . . .      Faith    .   c - +0 buckler
rNeg    . . .      Spirit   .   b - +0 scale mail
rPois   .          Reflect  .   (no helmet)
rElec   .          Harm     .   (no cloak)
rCorr   .          Rampage  .   (no gloves)
Will    .....                   (no boots)
Stlth   ..........              (no amulet)
HPRegen 0.10/turn               (no ring)
MPRegen 0.09/turn               (no ring)

@: mighty, slowed, very slow
A: high mp 1, forlorn, divine attributes
a: no special abilities


You were on level 2 of the Dungeon.
You visited 1 branch of the dungeon, and saw 2 of its levels.

You collected 52 gold pieces.

Inventory:

Hand Weapons
 a - a +0 trident (weapon)
Armour
 b - a +0 scale mail (worn)
 c - a +0 buckler (worn)
Scrolls
 g - a scroll of blinking {unknown}
 h - a scroll of magic mapping {unknown}
Potions
 e - a potion of resistance {unknown}
 f - 2 potions of curing {unknown}


   Skills:
 + Level 3.2 Fighting
 + Level 2.5 Polearms
 + Level 3.2 Armour
 + Level 0.3 Dodging
 + Level 3.0 Shields


You had 2 spell levels left.
You didn't know any spells.
Your spell library was empty.

Dungeon Overview and Level Annotations

Branches:
Dungeon (2/15)

Annotations:
D:2 Natasha


Innate Abilities, Weirdness & Mutations

You have an increased reservoir of magic. (+10% MP)
You shall have no god before yourself.
Your divine heritage dramatically boosts your attributes as you level up.


Message History

Natasha completely misses you. The shadow imp hits you.
You hit Natasha.
Natasha is heavily wounded.
You block Natasha's attack.
The shadow imp picks up a beetle and eats it.
The shadow imp hits you but does no damage. x2
Natasha casts a spell at you. You resist with some effort.
Natasha stares at you and mumbles some strange words.
You feel as though you will be slow longer.
The shadow imp hits you.
Natasha casts a spell.
You barely miss the shadow imp. The shadow imp hits you. x2
You hit the shadow imp but do no damage.
The shadow imp disappears in a puff of smoke!
The shadow imp completely misses you.
Natasha mumbles some strange words.
You feel troubled. The shadow imp barely misses you.
You barely miss the shadow imp. The shadow imp closely misses you.
The shadow imp hits you.
You puncture the shadow imp!
You kill the shadow imp!
The shadow imp disappears in a puff of smoke!
Natasha casts a spell.
The white imp hits you but does no damage.
Natasha casts a spell.
You barely miss the white imp. The white imp gestures at you.
The puff of frost hits you!
* * * LOW HITPOINT WARNING * * *
You block the white imp's attack.
You feel very mighty all of a sudden.
You barely miss the crimson imp. The crimson imp hits you.
* * * LOW HITPOINT WARNING * * *
The crimson imp blinks!
The white imp disappears in a puff of smoke!
Natasha hisses.
Natasha claws you but does no damage. Natasha claws you!
You die...

################################
#...............................
#.##############################
#># .................#..... #.#
#.............#.###. #.#
#h5§5...........#. #.#
#@#....†....#.#.#. #.#
#.#.#.####..#.#.#. #.#
#.#.#....#..#.#.#. #.#
#.#.#..#.#..#.#..÷ ##'####
#.#.##.# #..#.#### ......# #.#..
.. #..#..... ......# #.###
##.#..###### ......##### #.#
..... ..........# #.# #


You could see Natasha, a crimson imp (summoned) and a shadow imp (summoned).

Vanquished Creatures
  Natasha (D:2)
  An adder (D:2)
  A ball python (D:1)
  3 bats
  7 endoplasms (D:1)
  4 goblins
  4 hobgoblins (D:1)
  2 quokkas (D:1)
  3 kobolds (D:1)
  3 rats
29 creatures vanquished.

Vanquished Creatures (others)
  A plant (D:1)
1 creature vanquished.

Grand Total: 30 creatures vanquished

Notes
Turn   | Place    | Note
-------+----------+-------------------------------------------
     0 | D:1      | PidgeyThePirate the Demigod Fighter began the quest for the
                  | Orb.
     0 | D:1      | Reached XP level 1. HP: 18/18 MP: 3/3
   351 | D:1      | Reached XP level 2. HP: 25/25 MP: 4/4
  1422 | D:2      | Noticed Natasha
  1430 | D:2      | Killed Natasha
  1431 | D:2      | Reached XP level 3. HP: 2/31 MP: 5/5
  1756 | D:2      | Noticed Natasha
  1826 | D:2      | Slain by Natasha

Illustrated notes

Levels and vault maps discovered:
D:1:      denvon_arrival_planthouse, layout_loops_corners
D:2:      layout_basic, basic_altar, minmay_misc_feat_hallway, uniq_natasha

Skill      XL: |  1  2 |
---------------+-------+-----
Armour         | 3 |  3.2
Fighting       | 3 |  3.2
Polearms       | 2 |  2.5
Shields        | 3 |  3.0
Dodging        | |  0.3

Action                   || total
-------------------------++-------
Melee: Trident           ||   108
  Use: Potion            ||     1
Armor: Scale mail        ||    47
Dodge: Dodged            ||    56
Block: Buckler           ||    23

Table legend: (Time is in decaauts)
 A = Elapsed time spent in this place.
 B = Non-inter-level travel time spent in this place.
 C = Inter-level travel time spent in this place.
 D = Time resting spent in this place.
 E = Time spent auto-exploring this place.
 F = Levels seen in this place.
 G = Mean time per level.
                   A        B        C        D        E       F      G
               +--------+--------+--------+--------+--------+-----+--------+
         Total |   1857 |   1820 |     37 |      0 |   1506 |   2 |  928.5 |
       Dungeon |   1857 |   1820 |     37 |      0 |   1506 |   2 |  928.5 |
               +--------+--------+--------+--------+--------+-----+--------+

Top non-repeatable levels by time:
     D:1: 1307 daAuts
     D:2: 550 daAuts
